Cogmind - Beta 16 @@@ ROGUE MODE // 2025.10.29 @ 22:10:00 Player: kiul Result: Destroyed by H-66 Slayer with Gauss Rifle Performance ------------- Evolutions (4) 2000 Regions Visited (9) 1800 Robots Destroyed (187) 935 Value Destroyed (7834) 7834 Prototype IDs (6) 120 Alien Tech Used (0) 0 Bonus (2799) 2799 TOTAL SCORE: 15488 Bonus ------- High Alert Combat Kills 915 Follower Combat Kills 223 Entered Garrisons 400 Used RIF Installer 1500 Friendly Fire -239 Cogmind --------- Core Integrity 0/850 Matter 224/300 Energy 44/150 System Corruption 10% Temperature Cool (31) Movement Treading (320) Ox2 Location -6/Factory Parts ------- > --- POWER (1) -------- Light Angular Momentum Engine > --- PROPULSION (4) --- Improved Heavy Treads > --- UTILITY (7) ------ Advanced Heat Sink Cargo Storage Unit Advanced Targeting Computer Hacking Suite Relay Coupler [Hunter] (15) Relay Coupler [Hunter] (18) > --- WEAPON (3) ------- Plasma Rifle > --- INVENTORY (30) --- Light Nuclear Core Medium Treads Large Matter Pod (150) Gravity Neutralizer Reactive Plating Reactive Plating Remote Shield Remote Shield Relay Coupler [Brawler] (33) Relay Coupler [Sentry] (26) Relay Coupler [Sentry] (25) Relay Coupler [Sentry] (22) Relay Coupler [Demolisher] (22) Plasma Rifle Coil Gun Peak State ------------ > --- POWER ------------ Light Quantum Reactor > --- PROPULSION ------- Improved Heavy Treads Improved Heavy Treads > --- UTILITY ---------- Coolant Injector Cargo Storage Unit Hardened Heavy Armor Plating Hacking Suite Hacking Suite > --- WEAPON ----------- PD Laser > --- INVENTORY -------- Light Nuclear Core Improved Deuterium Engine Light Fission Core Light Fission Core Light Treads Light Treads Improved Heavy Treads Gravity Neutralizer Advanced Targeting Computer Weapon Cycler Hardened Medium Armor Plating Hardened Medium Armor Plating Improved Medium Armor Plating Reactive Plating Reactive Plating Improved Shield Generator Relay Coupler [Grunt] Relay Coupler [Sentry] Relay Coupler [Hunter] System Restoration Module Advanced Beam Rifle Gatling Laser Gatling Laser EM Pulse Cannon Heavy Plasma Cannon Gauss Rifle Coil Gun Heavy Machine Gun Remote Datajack [Rating: 90] Favorites ----------- Power Light Quantum Reactor Engine Deuterium Engine Power Core Light Nuclear Core Reactor Light Quantum Reactor Propulsion Wheel Treads Light Treads Wheel Wheel Utility Hacking Suite Device Advanced Heat Sink Storage Huge Storage Unit Processor Visual Processing Unit Hackware Hacking Suite Protection Heavy Armor Plating Weapon Improved Assault Rifle Energy Gun Gatling Laser Energy Cannon Heavy Plasma Cannon Ballistic Gun Improved Assault Rifle Ballistic Cannon Assault Cannon Launcher Mini Grenade Launcher Special Weapon Remote Datajack Special Melee Weapon Improved Datajack Build | -11 -10 -9 -8 -8 -8 -7 -6 -6 -6 ------- Run | Yrd Mat Mat Mat Gar Mat Fac Fac Gar Fac Slots Evolved 8 | . . 2 2 . . 2 2 . . Power . | . . . . . . . . . . Propulsion 2 | . . 1 . . . . 1 . . Utility 5 | . . . 2 . . 2 1 . . Weapon 1 | . . 1 . . . . . . . Parts Attached 123 | 8 10 8 9 10 9 29 7 16 17 Power 14 | 1 3 1 1 2 . 1 2 1 2 Engine 11 | 1 3 1 . 2 . 1 2 . 1 Core 1 | . . . 1 . . . . . . Reactor 2 | . . . . . . . . 1 1 Propulsion 27 | 4 1 2 4 2 3 4 2 3 2 Treads 13 | 2 . 2 2 . . 2 . 3 2 Leg . | . . . . . . . . . . Wheel 14 | 2 1 . 2 2 3 2 2 . . Hover . | . . . . . . . . . . Flight . | . . . . . . . . . . Utility 43 | 1 3 . 3 3 2 14 3 8 6 Device 12 | . . . 1 1 1 2 1 4 2 Storage 4 | 1 2 . . . . . . 1 . Processor 2 | . . . 1 . . . . . 1 Hackware 12 | . 1 . . . 1 7 . . 3 Protection 13 | . . . 1 2 . 5 2 3 . Artifact . | . . . . . . . . . . Weapon 39 | 2 3 5 1 3 4 10 . 4 7 Energy Gun 14 | 1 3 1 . . 1 4 . 2 2 Energy Cannon 4 | . . 2 . . . 1 . 1 . Ballistic Gun 10 | 1 . 2 1 1 . 1 . 1 3 Ballistic Cannon 1 | . . . . . 1 . . . . Launcher 5 | . . . . 2 1 2 . . . Special Weapon 3 | . . . . . . 1 . . 2 Impact Weapon . | . . . . . . . . . . Slashing Weapon . | . . . . . . . . . . Piercing Weapon . | . . . . . . . . . . Special Melee Weapon 2 | . . . . . 1 1 . . . Unidentified Prototypes 6 | . . 3 . . 2 . . 1 . Corrupted Parts 1 | . 1 . . . . . . . . System Corruption 1 | . 1 . . . . . . . . Parts Lost 65 | . 3 6 2 6 2 16 . 8 22 Power 8 | . 1 1 . 2 . 1 . . 3 Propulsion 18 | . 1 2 1 2 1 5 . 2 4 Utility 17 | . . . 1 1 1 5 . 4 5 Weapon 22 | . 1 3 . 1 . 5 . 2 10 Highest Loss Streak 14 | . 3 4 1 2 2 12 . 4 14 To Critical Strikes . | . . . . . . . . . . Average Backups 21 | 1 7 12 20 23 24 21 22 24 26 Power 2 | . 1 1 3 4 2 1 3 3 1 Propulsion 3 | . 2 4 6 5 5 3 2 2 3 Utility 9 | . 1 2 2 6 11 11 11 12 14 Weapon 5 | . 1 3 8 6 6 4 3 6 5 Tool/Special . | . . . . . . . . . . Unused Backups 49 | . 1 1 5 3 8 3 . 11 17 Power 8 | . . . . . 1 1 . 4 2 Propulsion 11 | . . 1 3 . 2 1 . 1 3 Utility 19 | . . . . 3 1 1 . 4 10 Weapon 11 | . 1 . 2 . 4 . . 2 2 Tool/Special . | . . . . . . . . . . Average Slot Usage (%) 86 | . 90 84 98 90 88 95 79 72 74 Engine 4 | . 10 7 1 4 9 7 6 . 3 Core 1 | . . . 7 3 . . . . . Reactor 1 | . . . . . . . . 5 2 Treads 9 | . . 21 16 . . 12 . 8 12 Wheel 11 | . 25 4 10 26 25 8 12 3 . Device 5 | . . . 7 9 8 2 2 6 6 Storage 7 | . 14 11 9 9 9 7 6 6 6 Processor 1 | . . . 8 1 . . . . 4 Hackware 12 | . 11 11 1 . . 24 23 14 7 Protection 7 | . . . 9 9 8 7 6 8 8 Energy Gun 5 | . 13 9 . . 3 7 6 8 5 Energy Cannon 2 | . . 2 9 3 . . 2 4 5 Ballistic Gun 7 | . 13 15 17 16 9 1 . 1 4 Launcher 3 | . . . . 7 9 5 6 . . Peak Build Rating 90 | 6 11 19 30 30 38 53 63 90 81 Average Rating 43 | 4 9 15 27 27 31 43 61 72 74 On Entrance 32 | . 6 10 19 29 30 30 52 63 81 Avg Prop Armor Cover (%) 7 | . . . . . . 9 4 7 . Naked Turns . | . . . . . . . . . . Heaviest Build 194 | 11 87 95 99 112 113 111 129 194 192 Greatest Support 150 | 40 20 60 60 42 42 60 56 150 150 Greatest Overweight (x) 33 | 1 4 8 2 4 4 33 4 4 2 Average Overweight (x) 2 | . 2 3 1 2 2 2 2 2 1 Largest Inventory Capacity 30 | 8 25 25 25 25 25 25 25 30 30 Average Capacity 25 | 6 18 25 25 25 25 25 25 27 30 Most Carried 30 | 5 9 23 25 25 25 25 25 30 30 Average Carried 22 | 1 7 12 21 24 24 21 24 26 27 Final Capacity 30 | 8 25 25 25 25 25 25 25 30 30 Final Carried 29 | 5 6 19 25 25 25 25 25 29 15 Class Distribution -------------------- 27% | Scavenger-Tank 22% | Hacker-Tank 16% | Bothacker-Tank 11% | Bothacker-Mutant 7% | Mutant 5% | Hauler-Tank 5% | Scavenger-Gunner Dominant Class ---------------- Mutant | -10/Materials Scavenger-Gunner | -9/Materials Scavenger-Tank | -8/Materials Scavenger-Tank | -8/Garrison Scavenger-Tank | -8/Materials Bothacker-Mutant | -7/Factory Hacker-Tank | -6/Factory Hacker-Tank | -6/Garrison Bothacker-Tank | -6/Factory Resources | -11 -10 -9 -8 -8 -8 -7 -6 -6 -6 ----------- Run | Yrd Mat Mat Mat Gar Mat Fac Fac Gar Fac Matter Collected 3841 | 282 139 374 255 498 441 764 44 577 467 Remotely 744 | . . . . 498 246 . . . . Salvage Created 7072 | 96 389 1057 500 573 533 978 327 1529 1090 Parts 336 | 2 19 52 27 39 43 47 8 48 51 Haulers Intercepted 8 | . . 5 1 . . . 1 . 1 Recyclers Shooed 4 | . . . 2 . . 2 . . . Parts Field Recycled . | . . . . . . . . . . Retrieved Matter . | . . . . . . . . . . Parts Self-Destructed . | . . . . . . . . . . Prevented . | . . . . . . . . . . Parts Restored . | . . . . . . . . . . Kills | -11 -10 -9 -8 -8 -8 -7 -6 -6 -6 ------- Run | Yrd Mat Mat Mat Gar Mat Fac Fac Gar Fac Combat Hostiles Destroyed 138 | . 9 20 8 22 12 24 6 22 15 Guns 70 | . 8 18 6 3 3 9 2 16 5 Cannons 20 | . . 2 2 4 3 2 . 2 5 AOE 44 | . 1 . . 14 6 12 4 3 4 Classes Destroyed 17 | 2 3 5 . . 3 1 . 3 . Worker 14 | . . 1 2 . 7 . . . 4 Builder 5 | . . . . . 1 1 . . 3 Tunneler 3 | 1 . . . . . 1 . . 1 Hauler 8 | . . 5 1 . . . 1 . 1 Recycler 7 | 1 . . 2 . 1 2 . . 1 Mechanic 2 | . . . . . 1 . . . 1 Operator 6 | . 3 1 1 . . 1 . . . Watcher 3 | . . 1 . . 2 . . . . Swarmer 37 | . 3 6 4 8 . 7 . 9 . Cutter 3 | . . . . . . . . 3 . Grunt 62 | . 6 9 3 9 9 9 4 5 8 Brawler 1 | . . . . . . . . 1 . Duelist 7 | . . 1 . 4 . 1 . 1 . Sentry 14 | . . 4 1 1 2 2 1 2 1 Hunter 8 | . . . . . 1 3 1 . 3 Programmer 6 | . . . . . . 3 . . 3 Behemoth 1 | . . . . . . . . 1 . Best Kill Streak 13 | 2 3 4 4 6 13 5 4 5 11 Combat Bots Only 6 | . 3 4 4 6 6 5 4 5 6 Max Kills in Single Turn 7 | 1 1 2 1 3 4 2 1 2 7 Gunslinging 1 | . . 1 . . . . . . . Exploded 3 | . 1 . . 3 2 2 1 2 3 Melee . | . . . . . . . . . . Uniques/NPCs Destroyed . | . . . . . . . . . . Combat | -11 -10 -9 -8 -8 -8 -7 -6 -6 -6 -------- Run | Yrd Mat Mat Mat Gar Mat Fac Fac Gar Fac Hostile Shots Fired 1150 | . 51 105 46 55 39 196 61 227 370 Missed 348 | . 13 28 14 16 14 38 17 79 129 Hits 802 | . 38 77 32 39 25 158 44 148 241 Melee 10 | . . . . 8 . . . 2 . Projectile 792 | . 38 77 32 31 25 158 44 146 241 AOE 4 | . . . . . . . . 2 2 Critical Strikes 26 | . . 2 3 3 1 3 2 3 9 Part Disruptions 1 | . . . . . . . . . 1 Damage Taken 13809 | . 454 885 444 898 515 2930 792 2338 4553 Core 1690 | . 116 154 16 62 58 434 38 128 684 Absorbed by Shields 237 | . . . . . . 177 . . 60 Ignored by Resistances 385 | . . . . . . 121 . 78 186 Regen/Repaired (Parts) 1068 | . . . . . 229 394 . . 445 Core Remaining (%) 65 | 100 53 61 . . 75 38 . . . Volleys Fired 414 | 2 42 68 29 39 23 74 25 65 47 Largest 3 | 2 2 3 3 3 3 3 3 3 3 Hottest 250 | 60 65 124 114 121 128 240 179 250 200 Shots Fired 1003 | 4 80 170 84 102 68 147 40 193 115 Gun 723 | 4 80 163 55 66 37 97 20 132 69 Cannon 175 | . . 7 29 16 9 11 5 58 40 Launcher 78 | . . . . 20 22 23 10 3 . Special 27 | . . . . . . 16 5 . 6 Kinetic 380 | 2 41 97 55 66 35 33 . 11 40 Thermal 450 | . . 46 29 16 11 75 25 179 69 Explosive 78 | . . . . 20 22 23 10 3 . Electromagnetic 68 | 2 39 27 . . . . . . . Robot Hit Streak 21 | 2 12 12 10 11 4 20 15 18 21 Robot Miss Streak 21 | 1 4 5 4 4 5 3 5 21 6 Penetration Max 1 | . . . . . . . . . 1 Secondary Targets 6 | . 3 3 . . . . . . . Max Gunslinging Chain 1 | . 1 1 . . . . . . . Autonomous 35 | . . . . . . . . 35 . Shots Hit Robots 596 | 2 47 102 51 38 23 91 29 128 85 Core Hits 433 | 3 19 39 20 45 50 63 27 94 73 Critical Kills 7 | . . 1 1 1 . 1 . 2 1 Critical Parts Destroyed 1 | . . . . 1 . . . . . Critical Strikes 18 | . . 7 1 2 2 3 . 2 1 Burn 7 | . . 4 . . 1 2 . . . Meltdown 4 | . . . . 1 . . . 2 1 Destroy 4 | . . 1 1 1 . 1 . . . Blast 1 | . . . . . 1 . . . . Corrupt 2 | . . 2 . . . . . . . Melee Attacks 9 | . . . . . 3 6 . . . Impact . | . . . . . . . . . . Slashing . | . . . . . . . . . . Piercing . | . . . . . . . . . . Sneak Attacks 6 | . . . . . . 6 . . . Combat Hostiles . | . . . . . . . . . . Follow-up Attacks . | . . . . . . . . . . Damage Inflicted 18257 | 32 672 1696 928 1940 1497 3338 1033 4012 3109 Guns 9013 | 32 589 1574 532 462 251 1419 398 2544 1212 Cannons 2967 | . . 101 396 172 92 165 69 1074 898 Explosions 6214 | . 80 . . 1306 1145 1754 566 378 985 Melee . | . . . . . . . . . . Ramming 63 | . 3 21 . . 9 . . 16 14 Kinetic 3304 | 8 195 926 532 462 183 357 . 76 565 Thermal 8897 | . 80 459 396 172 160 1456 467 3542 2165 Explosive 5036 | . . . . 1306 1145 1467 566 378 174 Electromagnetic 957 | 24 394 290 . . . 58 . . 191 Impact . | . . . . . . . . . . Slashing . | . . . . . . . . . . Piercing . | . . . . . . . . . . Highest Corruption 10 | . 2 . . . . 2 . 2 10 Average Corruption 2 | . 1 . . . . 1 . 2 2 Corruption Purged 7 | . . . . . . 2 . . 5 Corruption Blocked . | . . . . . . . . . . Effects 37 | . 5 . . . . 5 . 9 18 Message Errors 9 | . 2 . . . . . . 4 3 Matter Fused 9 | . . . . . . 4 . 2 3 Heat Flow Errors 5 | . . . . . . 1 . 1 3 Energy Discharges 5 | . 1 . . . . . . . 4 Parts Rejected 2 | . 2 . . . . . . . . Data Loss (minor) 2 | . . . . . . . . 1 1 Data Loss (major) 2 | . . . . . . . . 1 1 Misfires 1 | . . . . . . . . . 1 Alerts 1 | . . . . . . . . . 1 Weapon Failures 1 | . . . . . . . . . 1 Overload Shots . | . . . . . . . . . . Overflow Damage 243 | . . . 10 22 17 75 . 21 98 Projectiles 69 | . . . 10 3 . . . 21 35 Explosions 174 | . . . . 19 17 75 . . 63 Melee . | . . . . . . . . . . Knockbacks . | . . . . . . . . . . Impact . | . . . . . . . . . . Kinetic . | . . . . . . . . . . Secondary . | . . . . . . . . . . Self-Inflicted Damage 1150 | . 1 . . 240 97 208 28 63 513 Shots 31 | . . . . 10 4 8 1 2 6 Rammed 5 | . 2 1 . . 1 . . . 1 Targets Rammed 5 | . 2 1 . . 1 . . . 1 Kicked . | . . . . . . . . . . Crushed . | . . . . . . . . . . Highest Temperature 504 | 20 72 341 386 266 234 247 504 461 361 Average Temperature 104 | 15 31 108 166 96 69 76 142 133 105 Received Heat Transfer 3211 | . 201 348 198 180 198 830 337 420 499 Effects 16 | . . 3 2 . . 3 3 4 1 Shutdowns 2 | . . . . . . . . 2 . Energy Bleed 2 | . . . 1 . . . . . 1 Interference 7 | . . 3 . . . 3 . 1 . Short Circuit 5 | . . . 1 . . . 3 1 . Siege Activations . | . . . . . . . . . . Martial Activations . | . . . . . . . . . . Shielding Activations . | . . . . . . . . . . Robots Disrupted . | . . . . . . . . . . Combat Hostiles . | . . . . . . . . . . Robots Corrupted . | . . . . . . . . . . Combat Hostiles . | . . . . . . . . . . Parts Fried 5 | . 1 2 . . . . . . 2 Impact Corruptions . | . . . . . . . . . . Robots Melted 7 | . . . . 1 . 1 1 3 1 Combat Hostiles 4 | . . . . 1 . 1 . 1 1 Parts Melted 38 | . . 4 . 2 . 6 2 19 5 Heat Transferred 15864 | . . 1258 703 296 370 2683 1011 6554 2989 Parts Sabotaged . | . . . . . . . . . . Parts Stolen . | . . . . . . . . . . Parts Stripped . | . . . . . . . . . . Power Chain Reactions 2 | . 2 . . . . . . . . Alert | -11 -10 -9 -8 -8 -8 -7 -6 -6 -6 ------- Run | Yrd Mat Mat Mat Gar Mat Fac Fac Gar Fac Maximum Alert Level 4 | . . 1 . 3 3 2 2 4 3 Low Security (%) 26 | 100 100 55 100 23 . 25 . . . Level 1 24 | . . 44 . 15 11 47 56 16 . Level 2 29 | . . . . 35 83 27 43 20 65 Level 3 16 | . . . . 25 5 . . 50 34 Level 4 2 | . . . . . . . . 12 . Level 5 . | . . . . . . . . . . High Security . | . . . . . . . . . . Max Security . | . . . . . . . . . . Peak Influence 1212 | 10 84 301 147 859 723 620 465 1212 857 Initial 636 | . . 10 100 11 418 270 302 283 636 Average 422 | 1 40 146 80 459 524 315 358 738 667 Influence Increases 5851 | 10 297 629 239 908 571 1178 283 1029 707 Destroy 0b10 Robot/C 2880 | . 180 400 160 440 240 600 120 440 300 Destroy 0b10 Robot/NC 300 | 10 15 40 30 . 60 40 10 40 55 Destroy Leader 568 | . 50 102 32 30 64 144 24 40 82 Allied During Kill 47 | . . . . . . 41 6 . . Successful Hack 84 | . 8 26 . 28 15 7 . . . Disable Machine 450 | . 30 15 15 . 60 90 75 . 165 Anti-Garrison Action 850 | . . . . 300 . 150 . 400 . Destroy Structure 522 | . 14 1 2 110 132 106 48 34 75 Lose Combat Pursuer 150 | . . 45 . . . . . 75 30 Influence Decreases 5164 | 10 271 416 461 66 835 1155 496 222 1232 Entered New Map 1941 | . . 16 139 6 441 325 316 122 576 Time Decay 2444 | 10 174 378 302 . 374 630 160 . 416 Lost Part 612 | . 30 22 20 60 20 160 . 80 220 Lost Ally 100 | . . . . . . 40 20 20 20 Purge Threat 67 | . 67 . . . . . . . . Squads Dispatched 31 | . 3 2 . . 6 14 1 . 5 Investigation 2 | . . . . . . 1 . . 1 Extermination 4 | . . . . . . 3 . . 1 Reinforcement 13 | . 3 2 . . 2 3 1 . 2 Assault 5 | . . . . . 1 3 . . 1 Garrison 7 | . . . . . 3 4 . . . Intercept . | . . . . . . . . . . Searches Triggered . | . . . . . . . . . . Construction Impeded 4 | . . . . . 1 1 . . 2 Haulers Reinforced . | . . . . . . . . . . Active Scanning Responses . | . . . . . . . . . . Cargo Convoy Interrupts 1 | . . . . . . . . . 1 Stealth | -11 -10 -9 -8 -8 -8 -7 -6 -6 -6 --------- Run | Yrd Mat Mat Mat Gar Mat Fac Fac Gar Fac Distress Signals 10 | . 1 . . . 2 4 1 . 2 Communications Jammed . | . . . . . . . . . . Distress Signals . | . . . . . . . . . . Times Spotted 232 | . 16 29 17 23 21 54 9 27 36 Peak Tracking Total 12 | . 7 5 5 6 5 6 4 4 12 Tactical Retreats 6 | . . 1 . . . . . 3 2 Traps | -11 -10 -9 -8 -8 -8 -7 -6 -6 -6 ------- Run | Yrd Mat Mat Mat Gar Mat Fac Fac Gar Fac Traps Triggered 21 | . 2 . . 9 1 1 . 6 2 Indirectly . | . . . . . . . . . . Trap Hack Attempts . | . . . . . . . . . . Triggered . | . . . . . . . . . . Disarmed . | . . . . . . . . . . Reprogrammed . | . . . . . . . . . . Reused . | . . . . . . . . . . Traps Extracted . | . . . . . . . . . . Installed . | . . . . . . . . . . Triggered . | . . . . . . . . . . Machines | -11 -10 -9 -8 -8 -8 -7 -6 -6 -6 ---------- Run | Yrd Mat Mat Mat Gar Mat Fac Fac Gar Fac Machines Disabled 39 | . 2 1 1 4 4 7 5 4 11 Max in Single Turn 5 | . 1 1 1 1 1 3 2 1 5 Garrison Access 1 | . . . . . . 1 . . . Garrison Relay 8 | . . . . 4 . . . 4 . Machines Repaired . | . . . . . . . . . . Machines Dismantled . | . . . . . . . . . . Machines Sabotaged . | . . . . . . . . . . Overloaded Fab Kills . | . . . . . . . . . . Hacking | -11 -10 -9 -8 -8 -8 -7 -6 -6 -6 --------- Run | Yrd Mat Mat Mat Gar Mat Fac Fac Gar Fac Machines Accessed 16 | . 2 2 2 2 3 3 1 . 1 Terminals 11 | . 2 2 1 2 2 2 . . . Fabricators . | . . . . . . . . . . Repair Stations 3 | . . . . . 1 1 . . 1 Recycling Units . | . . . . . . . . . . Scanalyzers . | . . . . . . . . . . Garrison Access 2 | . . . 1 . . . 1 . . Total Hacks 49 | . 7 8 4 3 10 13 2 . 2 Successful 32 | . 3 5 1 2 6 11 2 . 2 Failed 17 | . 4 3 3 1 4 2 . . . Catastrophic 1 | . 1 . . . . . . . . Database Lockouts . | . . . . . . . . . . Manual 14 | . 7 2 . . 2 3 . . . Terminals 37 | . 7 8 3 3 7 9 . . . Fabricators . | . . . . . . . . . . Repair Stations 9 | . . . . . 3 4 . . 2 Recycling Units . | . . . . . . . . . . Scanalyzers . | . . . . . . . . . . Garrison Access 3 | . . . 1 . . . 2 . . Terminal Hacks 21 | . 3 5 . 2 4 7 . . . Record 2 | . . . . . . 2 . . . Robot Analysis 1 | . . 1 . . . . . . . Level Access Points 1 | . . . . . . 1 . . . Branch Access Points 1 | . . 1 . . . . . . . Emergency Access Points 1 | . . . . 1 . . . . . Scanalyzer Index 1 | . 1 . . . . . . . . Alert Level 2 | . . . . . 1 1 . . . Unreport Threat 1 | . 1 . . . . . . . . Dispatch Records 1 | . . . . . 1 . . . . Maintenance Status 1 | . . 1 . . . . . . . Surveillance Status 1 | . . 1 . . . . . . . Hauler Manifests 1 | . . . . . . 1 . . . Registered Components 4 | . 1 1 . . 1 1 . . . Zone Layout 2 | . . . . . 1 1 . . . Patrol Navigation 1 | . . . . 1 . . . . . Fabricator Hacks . | . . . . . . . . . . Repair Station Hacks 8 | . . . . . 2 4 . . 2 Scan Component 4 | . . . . . 1 2 . . 1 Repair 4 | . . . . . 1 2 . . 1 Recycling Unit Hacks . | . . . . . . . . . . Scanalyzer . | . . . . . . . . . . Garrison Access Hacks 3 | . . . 1 . . . 2 . . Unlock Access 2 | . . . 1 . . . 1 . . Coupler Status 1 | . . . . . . . 1 . . Unauthorized Hacks . | . . . . . . . . . . Terminals . | . . . . . . . . . . Fabricators . | . . . . . . . . . . Repair Stations . | . . . . . . . . . . Recycling Units . | . . . . . . . . . . Scanalyzers . | . . . . . . . . . . Garrison Access . | . . . . . . . . . . Data Cores Recovered 1 | . . . 1 . . . . . . Used . | . . . . . . . . . . Hacking Detections 14 | . 1 2 1 2 3 3 1 . 1 Full Trace Events . | . . . . . . . . . . Feedback Events . | . . . . . . . . . . Feedback Blocked . | . . . . . . . . . . Robot Schematics Acquired . | . . . . . . . . . . Robots Built . | . . . . . . . . . . Authchips . | . . . . . . . . . . Time . | . . . . . . . . . . Total Robot Build Rating . | . . . . . . . . . . Part Schematics Acquired . | . . . . . . . . . . Parts Built . | . . . . . . . . . . Authchips . | . . . . . . . . . . Time . | . . . . . . . . . . Total Part Build Rating . | . . . . . . . . . . Part Studies Acquired . | . . . . . . . . . . Parts Repaired 4 | . . . . . 1 2 . . 1 Time 164 | . . . . . 38 64 . . 62 Parts Recycled . | . . . . . . . . . . Recycled Matter . | . . . . . . . . . . Retrieved Matter . | . . . . . . . . . . Retrieved Components . | . . . . . . . . . . Parts Scanalyzed . | . . . . . . . . . . Part Schematics Acquired . | . . . . . . . . . . Parts Damaged . | . . . . . . . . . . Bothacking | -11 -10 -9 -8 -8 -8 -7 -6 -6 -6 ------------ Run | Yrd Mat Mat Mat Gar Mat Fac Fac Gar Fac Used RIF Installer 3 | . . . . 1 . . . 2 . Patrol Navigation 1 | . . . . . . . . 1 . Program Shield 1 | . . . . . . . . 1 . Robots Hacked 17 | . . . . . 1 10 3 . 3 Non-combat 5 | . . . . . . 4 1 . . Combat 12 | . . . . . 1 6 2 . 3 Robot Hacks Applied 20 | . . . . . 2 12 3 . 3 parse_system 3 | . . . . . 1 . 1 . 1 no_distress 3 | . . . . . . 2 1 . . find_chute 3 | . . . . . . 3 . . . find_fabricator 1 | . . . . . . 1 . . . streamctrl_high 5 | . . . . . . 3 1 . 1 formatsys_high 5 | . . . . . 1 3 . . 1 Relay Couplers Released 35 | . . . . 17 . 1 . 17 . Machine Destruction 35 | . . . . 17 . 1 . 17 . Attached 8 | . . . . . 1 4 . . 3 Fabnet Peak Effective % . | . . . . . . . . . . Robots Rewired . | . . . . . . . . . . Allies Hacked . | . . . . . . . . . . Hacks Repelled . | . . . . . . . . . . Allies | -11 -10 -9 -8 -8 -8 -7 -6 -6 -6 -------- Run | Yrd Mat Mat Mat Gar Mat Fac Fac Gar Fac Total Allies 11 | . . . . . 1 6 1 1 2 Largest Group 4 | . . . . . 1 4 1 1 2 Highest-Rated Group 146 | . . . . . 15 146 40 46 76 Highest-Rated Ally 90 | . . . . . 15 90 40 46 47 Total Orders 2 | . . . . . . 2 . . . GUARD 1 | . . . . . . 1 . . . AID 1 | . . . . . . 1 . . . Ally Attacks 52 | . . . . . . 37 13 . 2 Total Damage 1052 | . . . . . . 777 256 . 19 Kills 10 | . . . . . . 9 1 . . Allies Corrupted . | . . . . . . . . . . Allies Melted . | . . . . . . . . . . Intel | -11 -10 -9 -8 -8 -8 -7 -6 -6 -6 ------- Run | Yrd Mat Mat Mat Gar Mat Fac Fac Gar Fac Active Infowar (turns) 869 | . . . 669 200 . . . . . Optics 869 | . . . 669 200 . . . . . Robot Analysis Total 1 | . . 1 . . . . . . . Derelict Logs Recovered . | . . . . . . . . . . Drone Launches . | . . . . . . . . . . Drone Recoveries . | . . . . . . . . . . Exploration | -11 -10 -9 -8 -8 -8 -7 -6 -6 -6 ------------- Run | Yrd Mat Mat Mat Gar Mat Fac Fac Gar Fac Turns Passed 10755 | 92 450 1048 670 1610 864 2660 325 2030 1006 Spaces Moved 5104 | 67 266 361 314 1036 528 1206 160 873 293 Core 14 | 13 . . . . . 1 . . . Treads 1454 | 24 . 206 135 . . 426 . 370 293 Legs . | . . . . . . . . . . Wheels 3636 | 30 266 155 179 1036 528 779 160 503 . Hover . | . . . . . . . . . . Flight . | . . . . . . . . . . Fastest Speed 50 | 50 80 140 123 116 123 120 115 160 240 Average Speed 165 | 103 113 217 174 128 129 173 141 194 240 Slowest Speed 1700 | 160 140 320 243 150 150 1700 160 320 320 Overloaded Moves . | . . . . . . . . . . Propulsion Burnouts . | . . . . . . . . . . Robots Hopped . | . . . . . . . . . . Potential Cave-ins 1 | . . . . . 1 . . . . Cave-ins Triggered . | . . . . . . . . . . Exploration Rate (%) 36 | 4 51 35 32 73 47 34 5 75 9 Regions Visited 9 Branch Regions . Pre-discovered Areas . | . . . . . . . . . . Known Exits Taken 3 | . . . 1 . . 1 1 . . Unknown Exits Taken 4 | 1 1 1 . . 1 . . . . Scrap Searched . | . . . . . . . . . . Spaces Dug 72 | . . . . . 23 26 16 7 . Terrain Destroyed 521 | . 12 . . 99 164 95 68 12 71 Melee . | . . . . . . . . . . Projectile 13 | . . . . 1 3 . . 2 7 AOE 508 | . 12 . . 98 161 95 68 10 64 Terrain Rammed 1 | . . . . . . . . 1 . Walls Destroyed . | . . . . . . . . . . Machines Disabled 1 | . . . . . . . . 1 . Actions | -11 -10 -9 -8 -8 -8 -7 -6 -6 -6 --------- Run | Yrd Mat Mat Mat Gar Mat Fac Fac Gar Fac Total 6605 | 82 340 484 375 1230 662 1638 224 1065 505 Wait 564 | . 7 20 . 55 63 278 15 15 111 Move 5093 | 66 265 360 313 1034 527 1205 159 871 293 Hop . | . . . . . . . . . . Pick Up 152 | 6 7 21 13 12 15 25 7 27 19 Fast Attach 29 | 5 5 2 1 2 3 3 1 6 1 Attach 84 | 1 5 7 6 5 1 22 3 13 21 Detach 19 | . 1 1 2 1 1 4 2 7 . Swap 47 | 2 2 2 3 4 8 13 4 6 3 Drop 85 | . 4 2 8 6 17 8 8 23 9 Fire 414 | 2 42 68 29 39 23 74 25 65 47 Melee 9 | . . . . . 3 6 . . . Ram 4 | . 2 . . . 1 . . 1 . Kick . | . . . . . . . . . . Crush 2 | . . 1 . . . . . . 1 Escape Stasis 100 | . . . . 72 . . . 28 . Rewire 3 | . . . . . . . . 3 . Trap . | . . . . . . . . . . Miscellaneous . | . . . . . . . . . . Route ------- -11/Scrapyard -10/Materials (discovered 2 exits: *Mat x2) -9/Materials (discovered 3 exits: *Mat / Min / *Sto) -8/Materials (discovered 2 exits: *Fac / Gar) -8/Garrison (discovered 3 exits: *Mat x3) -8/Materials -7/Factory (discovered 4 exits: *Fac x4) -6/Factory -6/Garrison (discovered 3 exits: *Fac x3) -6/Factory History --------- Turn | Location | Event 2 | -11/Scrapyard | Met Revision 17 3 | -11/Scrapyard | Discovered new exit (range 16) 93 | -11/Scrapyard | Entered Materials 214 | -10/Materials | Discovered new exit (range 10) 294 | -10/Materials | Lost 3 parts (1p1n1w) 315 | -10/Materials | Build established: Mutant 432 | -10/Materials | Discovered new exit (range 4) 543 | -10/Materials | Entered another Materials area 543 | -9/Materials | Evolved 2 slots: Propulsion x1, Weapon x1 549 | -9/Materials | Identified exit to Mines 549 | -9/Materials | Identified exit to Storage 639 | -9/Materials | Lost 4 parts (1p1n2w) 1366 | -9/Materials | Discovered new exit (range 15) 1591 | -9/Materials | Entered another Materials area 1591 | -8/Materials | Evolved 2 slots: Utility x2 1891 | -8/Materials | Build established: Scavenger-Tank 2056 | -8/Materials | Discovered new exit (range 13) 2259 | -8/Materials | Identified exit to Garrison 2261 | -8/Materials | Entered Garrison 2431 | -8/Garrison | Triggered checkpoint 2456 | -8/Garrison | Garrison Relay disabled 2549 | -8/Garrison | Triggered checkpoint 2549 | -8/Garrison | Triggered checkpoint 2659 | -8/Garrison | Discovered new exit (range 14) 2819 | -8/Garrison | Triggered checkpoint 2879 | -8/Garrison | Triggered checkpoint 2981 | -8/Garrison | Triggered checkpoint 3136 | -8/Garrison | Discovered new exit (range 14) 3217 | -8/Garrison | Triggered checkpoint 3265 | -8/Garrison | Triggered checkpoint 3388 | -8/Garrison | Discovered new exit (range 15) 3415 | -8/Garrison | Installed Relay Interface Framework 3536 | -8/Garrison | Garrison Relay disabled 3675 | -8/Garrison | Garrison Relay disabled 3725 | -8/Garrison | Garrison Relay disabled 3871 | -8/Garrison | Entered Materials 3911 | -8/Materials | Garrison activated, responded to threat 4082 | -8/Materials | Met 7R-MNS 4119 | -8/Materials | Repaired Hvy. Armor Plating 4194 | -8/Materials | Discovered new exit (range 13) 4271 | -8/Materials | First assault squad dispatched 4735 | -8/Materials | Entered Factory 4735 | -7/Factory | Accompanied by 1 ally 4735 | -7/Factory | Evolved 2 slots: Utility x2 4736 | -7/Factory | Caught up to 7R-MNS 4827 | -7/Factory | Allied Derelicts emerged from ambush trap array 4933 | -7/Factory | Build established: Bothacker-Mutant 5257 | -7/Factory | Garrison activated, responded to threat 5266 | -7/Factory | Discovered new exit (range 15) 5482 | -7/Factory | Attacked by 7R-MNS 5562 | -7/Factory | Lost 12 parts (5n3u4w) 5679 | -7/Factory | Garrison activated, responded to threat 5835 | -7/Factory | Build established: Hacker-Tank 6198 | -7/Factory | Build established: Bothacker-Mutant 6244 | -7/Factory | Core integrity fell below 50% 6347 | -7/Factory | Repaired Arm. Treads 6374 | -7/Factory | Repaired Lgt. Treads 6547 | -7/Factory | Build established: Bothacker-Tank 6986 | -7/Factory | Build established: Hacker-Tank 7127 | -7/Factory | Identified exit to Factory 7135 | -7/Factory | First assault squad dispatched 7395 | -7/Factory | Entered another Factory area 7395 | -6/Factory | Accompanied by 1 ally 7395 | -6/Factory | Evolved 2 slots: Propulsion x1, Utility x1 7718 | -6/Factory | Identified exit to Garrison 7720 | -6/Factory | Entered Garrison 7888 | -6/Garrison | Rescued a captive Derelict 7980 | -6/Garrison | Spotted B-75 Beast 8032 | -6/Garrison | Triggered checkpoint 8041 | -6/Garrison | Garrison Relay disabled 8080 | -6/Garrison | Destroyed B-75 Beast 8093 | -6/Garrison | Lost 4 parts (1n1u2w) 8196 | -6/Garrison | Triggered checkpoint 8220 | -6/Garrison | Triggered checkpoint 8223 | -6/Garrison | Triggered checkpoint 8228 | -6/Garrison | Triggered checkpoint 8371 | -6/Garrison | Discovered new exit (range 12) 8444 | -6/Garrison | Triggered checkpoint 8472 | -6/Garrison | Garrison Relay disabled 8500 | -6/Garrison | Expanded RIF knowledge: Patrol Navigation 8670 | -6/Garrison | Discovered new exit (range 9) 8908 | -6/Garrison | Triggered checkpoint 9002 | -6/Garrison | Garrison Relay disabled 9119 | -6/Garrison | Build established: Hauler-Tank 9226 | -6/Garrison | Discovered new exit (range 11) 9280 | -6/Garrison | Triggered checkpoint 9372 | -6/Garrison | Garrison Relay disabled 9548 | -6/Garrison | Expanded RIF knowledge: Program Shield 9674 | -6/Garrison | Build established: Bothacker-Tank 9750 | -6/Garrison | Entered Factory 10061 | -6/Factory | Lost 3 parts (1p2u) 10376 | -6/Factory | Repaired Imp. Heavy Treads 10391 | -6/Factory | P-60 Hacker assimilated allied Soldier 5a 10450 | -6/Factory | First assault squad dispatched 10662 | -6/Factory | Core integrity fell below 50% 10717 | -6/Factory | Cargo convoy interrupted 10745 | -6/Factory | Core integrity fell below 20% 10756 | -6/Factory | System corruption reached 10% 10756 | -6/Factory | Destroyed by H-66 Slayer with Gauss Rifle Last Messages --------------- 10748_ Wheel crushed. 10748_ Penetrated by Slug. 10748_ U-05 Engineer lays Concrete. 10749_ Imp. Medium Treads destroyed. 10749_ Penetrated by Slug. 10749_ Critical hit (Burn: +37). 10750_ Slug penetrates X-67 Chaingunner. 10750_ U-05 Engineer builds a Wall. 10750_ P-60 Hacker resets P-60 Hacker, system corruption cleaned. 10752_ Slug penetrates Earth. 10753_ Penetrated by Slug. 10754_ Slug penetrates H-66 Slayer. 10754_ Slug penetrates Wall. 10754_ Penetrated by Slug. 10755_ System corrupted: Matter fused (-7). 10755_ Penetrated by Slug. 10755_ Coil Gun destroyed. 10756_ U-05 Engineer builds a Door. 10756_ Penetrated by Slug. 10756_ Plasma Rifle destroyed. Map ----- +----------------------------------------------------+ | ?????????????????????????????# ## | | ????????????????????????????## ## | | ????????????????????????????#" ! ##! """ | | ????????????????????????????#" = ## """ ? | | ????????????????????????????#" ! ## """ | | ????????????????????????????#" !## | | ????????????????????????????#" % |## | | ????????????????????????????## [|%||# | | ?????????????????????###+##############+#########+ | | ???????????????????? |||! | | ??????????????????# *|*!%== | | ??????????????????# !%==% | | ??????????????????# ?#########"#/####+########## | | ??????????????????# ?????????# # | | ?????????????????? ?????????#!% # | | ?????????????????? * ?????????# # | | ??????????????????? ?????????# # """ """ | | ??????????????????? ?????????# ! # """ """ | | ??????????????????? ?????????# =% # """ """ | | ???????????????????# #?????????# # ! | | ???????????????????# ######????# # """ !! | | ?????????????????### # # #????# * # """ ! | | ?????????????????# # # #????# ! %| # """ | | ?????????????????# #!##*;#######* ! # | | ????????????????## #u%ph%=%= = +% # | | ???????????????## #i% p*@######[ ############ | | ???????????????# xhx ???# #??????????? | | ???????????????# h p ##??########??????????? | | ???????????????# i ?????????????????????? | | ???????????????# # ????????????????????? | | ???????????????## % ### ???????????????????? | | ????????????????# """ #??#???????????????????? | | ???????????????"+% """ ##??????????????????????? | | ??????????????### """ #???????????????????????? | | ????????????????# #???????????????????????? | | ????????????????##########???????????????????????? | | ?????????????????????????????????????????????????? | | ?????????????????????????????????????????????????? | | ?????????????????????????????????????????????????? | | ?????????????????????????????????????????????????? | | ?????????????????????????????????????????????????? | | ?????????????????????????????????????????????????? | | ?????????????????????????????????????????????????? | | ?????????????????????????????????????????????????? | | ?????????????????????????????????????????????????? | | ?????????????????????????????????????????????????? | | ?????????????????????????????????????????????????? | | ?????????????????????????????????????????????????? | | ?????????????????????????????????????????????????? | | ?????????????????????????????????????????????????? | +----------------------------------------------------+ Best States ------------- Heat Dissipation 83 Coolant Potential 65 Energy Generation 25 Energy Capacity 290 Matter Stores 300 Matter Capacity 300 Sight Range 18 Terrain Scan Density 10 Armor Coverage 750 Resistance: KI 20 Resistance: TH 10 Evasion (%) 44 Targeting Accuracy 8 Recoil Reduction 4 Offensive Hacking 20 Defensive Hacking 10 Relay Coupler Types 2 Relay Coupler Value 54 Item Schematics ----------------- None Robot Schematics ------------------ None Fabricated ------------ Nothing Repaired ---------- Hvy. Armor Plating | 23% | -8/Materials Arm. Treads | 12% | -7/Factory Lgt. Treads | 7% | -7/Factory Imp. Heavy Treads | 19% | -6/Factory Studied --------- None Alien Tech Used ----------------- None Achievements -------------- A Problem For Future Me Assimilation Complete Drive-By Join The Dark Side Mindtrick Not Today, Chutes Packrat Tank You Again You Will Be Upgraded Challenges ------------ None Game ------ Seed AntigravRapidSplitter Manual? 0 Play Time 01:53:31 Cumulative 34.7 hours Start 2025.10.29 @ 03:56:50 End 2025.10.29 @ 22:10:00 Sessions 6 Manual Loads 0 Difficulty Rogue Special Mode None Game No. 47 Rogue 47 Adventurer 0 Explorer 0 Win Type - Total 0 Types 0/0/0/0/0/0/0/0/0/0 Lore% 10 Gallery% 28 Achievement% 20 Wizard Run 0 Options --------- Layout 0 ASCII 0 Keyboard 1 Movement Arrows Keybinds 0 Fullscreen 1 Font 24/Smallcaps Map View 76x50 Zoom Use 0% Tactical HUD 1 Map Filters NONE Filters NONE Steam 1 RUN: 8235dd46-b8b6-43ae-ad85-bfaebcc4366a